 Dungeon Crawl Stone Soup version 0.20-a0-463-g5747544 (webtiles) character file.

27 Amnesiac the Vexing (level 2, 0/19 HPs)
             Began as a Mummy Enchanter on Jan 10, 2017.
             Slain by an adder (2 damage)
             ... on level 2 of the Dungeon.
             The game lasted 00:01:58 (774 turns).

Amnesiac the Vexing (Mummy Enchanter)                Turns: 774, Time: 00:01:59

Health: 0/19       AC:  2    Str: 11    XL:     2   Next: 93%
Magic:  0/6        EV: 12    Int: 14    God:
Gold:   40         SH:  0    Dex: 12    Spells: 4/7 levels left

rFire  x . .     SeeInvis .     a - +1 dagger
rCold  + . .     Gourm    .     b - +0 robe
rNeg   + + +     Faith    .     (no shield)
rPois  ∞         Spirit   .     (no helmet)
rElec  .         Reflect  .     (no cloak)
rCorr  .         Harm     .     (no gloves)
MR     .....                    (no boots)
Stlth  ++........               (no amulet)
                                (no ring)
                                (no ring)

@: very slightly contaminated
A: no food or potions, fire vulnerability, cold resistance 1, negative energy
resistance 3, torment resistance, unbreathing
a: no special abilities


You were on level 2 of the Dungeon.
You were not hungry.

You visited 1 branch of the dungeon, and saw 3 of its levels.

You collected 40 gold pieces.

Inventory:

Hand Weapons
 a - a +1 dagger (weapon)
Armour
 b - a +0 robe (worn)
Scrolls
 e - a scroll of immolation
 f - a scroll of fog
Books
 c - a book of Maledictions

   Spells                             Type                      Level
   a - Corona                         Hexes                        1
   b - Ensorcelled Hibernation        Hexes/Ice                    2
   c - Confuse                        Hexes                        3
   d - Tukima's Dance                 Hexes                        3
   e - Dazzling Spray                 Conjuration/Hexes            3


   Skills:
 + Level 1.3 Short Blades
 - Level 1.5 Dodging
 - Level 2.4 Stealth
 + Level 3.1 Spellcasting
 * Level 3.2 Hexes


You had 4 spell levels left.
You knew the following spells:

 Your Spells              Type           Power        Failure   Level  Hunger
f - Corona                Hex            ##.....      6%          1    N/A
z - Ensorcelled Hibernat  Hex/Ice        #.....       21%         2    N/A

Dungeon Overview and Level Annotations

Branches:
Dungeon (3/15)

Altars:

Annotations:
D:2 exclusion: downstairs


Innate Abilities, Weirdness & Mutations

You do not eat or drink.
Your flesh is vulnerable to fire.
You are immune to poison.
Your flesh is cold resistant. (rC+)
You are immune to negative energy. (rN+++)
You are immune to unholy pain and torment.
You can survive without breathing.


Message History

Press: ? - help, Shift-Dir - straight line, f/p - adder
Aim: an adder (chance to defeat MR: 47%)
You miscast Ensorcelled Hibernation.
You are very lightly contaminated with residual magic.
Nothing appears to happen.
The adder bites you.
* * * LOW HITPOINT WARNING * * *
The adder closely misses you.
As you read the scroll labeled OTIUNE ZUIVA, it crumbles to dust.
The creatures around you are filled with an inner flame!
It was a scroll of immolation.
The adder misses you.
As you read the scroll labeled JUYHYE UCIASA, it crumbles to dust.
It is a scroll of identify.
f - a scroll of fog The adder bites you.
* * * LOW HITPOINT WARNING * * *
Okay, then.
You can't drink.
Unknown command.
The adder bites you.
You die...

#.# #.##.##.# # #.#
#.##.##.# # #.#
#.##.##.#
#.####.##.##.#
#.........##.#
#...###......########
##..# #........>....#
#
#..###.#########.#.###
#....@.# #............
#.##S#.###...###.#....
#.#.###........#....##
#..## ##.........#.#.#
###.###......#.....>..
##)#.##.....##.#.#.#
####
#..###............÷
...######## #.##
#.###.####(.##
.#...)....# ##.####.#
#.# ##.##


You could see an adder (inner flame).

Vanquished Creatures
  An adder (D:2)
  An ooze (D:1)
  A leopard gecko (D:2)
  2 ball pythons (D:2)
  3 goblins
  A hobgoblin (D:2)
  A bat (D:1)
  A frilled lizard (D:2)
  A kobold (D:2)
  3 rats (D:2)
15 creatures vanquished.

Notes
Turn   | Place    | Note
-------+----------+-------------------------------------------
     0 | D:1      | Amnesiac the Mummy Enchanter began the quest for the Orb.
     0 | D:1      | Reached XP level 1. HP: 13/13 MP: 4/4
    63 | D:1      | Reached skill level 1 in Short Blades
   353 | D:2      | Reached XP level 2. HP: 19/19 MP: 5/5
   370 | D:2      | Learned a level 2 spell: Ensorcelled Hibernation
   774 | D:2      | Slain by an adder

Vault maps used:
D:1:      sevenhm_arrival_forest_fort_large_2
D:2:      lemuel_crystal_altar, first_bread, minmay_misc_feat_rows,
          uniq_crazy_yiuf_cottage
D:3:      overflow_temple_1_default, kiku_gazebo_pond_becter, marbit_many_paths,
          lemuel_round_altar, portal_sewer_entry_e, serial_glass,
          glass_columns_a, glass_columns_b

Skill      XL: |  1  2 |
---------------+-------+-----
Short Blades   | 1 |  1.3
Hexes          | 3 |  3.2
Spellcasting   | 3 |  3.1
Dodging        | |  1.5
Stealth        | |  2.4

Action                   || total
-------------------------++-------
Melee: Dagger            ||    47
 Cast: Corona            ||    10
       Ensorcelled Hiber ||     7
  Use: Scroll            ||     2
 Stab: Sleeping          ||     5
Armor: Robe              ||    16
Dodge: Dodged            ||    42
